 Dungeon Crawl Stone Soup version 0.26.0-45-g9c1d065592 (webtiles) character file.

Game seed: 2827213022389976518

177 Majorwet the Slasher (level 5, -1/28 HPs)
             Began as a Vine Stalker Fighter on Jan 28, 2021.
             Succumbed to an orc wizard's poison
             ... on level 3 of the Dungeon.
             The game lasted 00:07:02 (2504 turns).

Majorwet the Slasher (Vine Stalker Fighter)         Turns: 2504, Time: 00:07:03

Health: -1/28      AC: 10    Str: 18    XL:     5   Next: 57%
Magic:  5/6        EV:  4    Int:  9    God:
Gold:   147        SH:  9    Dex: 14    Spells: 4/4 levels left

rFire    . . .     SeeInvis .   a - +0 long sword
rCold    . . .     Faith    .   c - +0 kite shield
rNeg     . . .     Spirit   +   n - +0 chain mail
rPois    .         Reflect  .   (no helmet)
rElec    .         Harm     .   o - +0 cloak
rCorr    .         Rampage  .   (no gloves)
Will     .....                  (no boots)
Stlth    ..........             (no amulet)
HPRegen  0.49/turn              (no ring)
MPRegen  0.10/turn              (no ring)

@: mighty, lethally poisoned (-1 -> -21)
A: fangs 2, regeneration 1, magic shield, antimagic bite, no potion heal 3
a: no special abilities


You were on level 3 of the Dungeon.
You visited 1 branch of the dungeon, and saw 3 of its levels.

You collected 147 gold pieces.

Inventory:

Hand Weapons
 a - a +0 long sword (weapon)
Missiles
 e - a throwing net (quivered)
Armour
 c - a +0 kite shield (worn)
 n - a +0 chain mail (worn)
 o - a +0 cloak (worn)
Jewellery
 r - an uncursed ring of protection from cold {unknown}
Scrolls
 b - a scroll of fog {unknown}
 f - 3 scrolls of enchant weapon {unknown}
 g - 2 scrolls of amnesia {unknown}
 k - a scroll of teleportation {unknown}
 m - 2 scrolls of identify {unknown}
 p - a scroll of magic mapping {unknown}
 q - a scroll of remove curse {unknown}
Potions
 h - 2 potions of heal wounds {unknown}
 i - 2 potions of attraction {unknown}
 j - a potion of mutation {unknown}
 l - 3 potions of curing {unknown}


   Skills:
 + Level 3.1 Fighting
 + Level 3.4 Long Blades
 + Level 3.3 Armour
 + Level 3.4 Shields


You had 4 spell levels left.
You didn't know any spells.
Your spell library was empty.

Dungeon Overview and Level Annotations

Branches:
Dungeon (3/15)

Altars:
Trog


Innate Abilities, Weirdness & Mutations

You have extremely sharp teeth.
Your natural rate of healing is unusually fast.
When hurt, damage is shared between your health and your magic reserves.
Your bite disrupts and absorbs the magic of your enemies.
Potions cannot restore your health.


Message History

* * * LOW HITPOINT WARNING * * *
You feel sick. Something hits you but does no damage.
You are more poisoned.
You block the orc's attack. The orc completely misses you.
You riposte.
You slash the orc!
You kill the orc!
You hear some strange, mumbled words.
A magic dart appears from out of thin air!
The magic dart hits you.
* * * LOW HITPOINT WARNING * * *
You block the orc's attack.
You hit something.
* * * LOW HITPOINT WARNING * * *
You feel very sick. Something hits you but does no damage.
You are more poisoned.
The orc hits you but does no damage.
You slash the orc!
You kill the orc!
You die...

##.# #.# #.# .# ##.# #.#
.# ##.# #.# #'## ##.#
#.# #...## ##.# #.###
##....$## ##.# #.#.##
##(......#
...####.!..####){)......
....).).......')@.......
###.###....####.........
# #.# #.#.## ##.......#
# #.##..### ##.....##
###.##.## #...## ....##>
#+## ######. #.


There were no monsters in sight!

Vanquished Creatures
  2 orc priests (D:3)
  4 gnolls (D:2)
  2 adders (D:2)
  An ooze (D:1)
  A leopard gecko (D:1)
  9 orcs (D:3)
  A giant cockroach (D:1)
  3 goblins
  5 hobgoblins
  3 jackals (D:2)
  A quokka (D:2)
  A ball python (D:3)
  8 bats
  5 frilled lizards
  5 kobolds
  3 rats
54 creatures vanquished.

Notes
Turn   | Place    | Note
-------+----------+-------------------------------------------
     0 | D:1      | Majorwet the Vine Stalker Fighter began the quest for the
                  | Orb.
     0 | D:1      | Reached XP level 1. HP: 11/11 MP: 2/2
   229 | D:1      | Reached XP level 2. HP: 16/16 MP: 3/3
   872 | D:1      | Reached XP level 3. HP: 18/19 MP: 4/4
  1612 | D:2      | Gained mutation: Your natural rate of healing is unusually
                  | fast. [Vine Stalker growth]
  1612 | D:2      | Reached XP level 4. HP: 6/24 MP: 2/5
  1921 | D:2      | Found a bloodstained altar of Trog.
  2017 | D:2      | Found a faded altar of an unknown god.
  2283 | D:3      | Reached XP level 5. HP: 19/28 MP: 2/6
  2503 | D:3      | HP: 1/28 [poisoned by an orc wizard]
  2504 | D:3      | Succumbed to an orc wizard's poison

Illustrated notes

Levels and vault maps discovered:
D:1:      dpeg_arrival_stone_temple_mockup, layout_basic
D:2:      layout_basic, serial_glass, glass_columns_c, glass_columns_a,
          chequers_ecumenical_altar_grove, trog_book
D:3:      layout_loops_corners

Skill      XL: |  1  2  3  4 |
---------------+-------------+-----
Long Blades    | 2 3 |  3.4
Shields        | 3 |  3.4
Fighting       | 3 |  3.1
Armour         | 3 |  3.3

Action                   |  1- 3 |  4- 6 || total
-------------------------+-------+-------++-------
Melee: Long sword        |    78 |    75 ||   153
       Bite              |    15 |    27 ||    42
  Use: Potion            |       |     1 ||     1
Armor: Scale mail        |    46 |       ||    46
       Chain mail        |     5 |    46 ||    51
Dodge: Dodged            |    26 |    24 ||    50
Block: Kite shield       |    43 |    52 ||    95
       Rpst.: Long sword |     8 |     5 ||    13
